 Dungeon Crawl Stone Soup version 0.29.0-4-gdea44cf6ec (webtiles) character file.

Game seed: 2811363483215239754

312 qw the Chopper (level 6, 0/36 HPs)
             Began as a Tengu Warper on Aug 29, 2022.
             Succumbed to an adder's poison
             ... on level 5 of the Dungeon.
             The game lasted 00:00:17 (3587 turns).

qw the Chopper (Tengu Warper)                       Turns: 3587, Time: 00:00:18

Health: 0/36       AC:  8    Str: 14    XL:     6   Next: 42%
Magic:  10/10      EV: 11    Int: 13    God:
Gold:   252        SH:  0    Dex: 13    Spells: 9/9 levels left

rFire   . . .      SeeInvis .   n - +0 war axe
rCold   . . .      Faith    .   (no shield)
rNeg    . . .      Spirit   .   h - +0 scale mail
rPois   .          Reflect  .   (helmet restricted)
rElec   .          Harm     .   (no cloak)
rCorr   .          Rampage  .   c - +1 pair of gloves
Will    +....                   (boots unavailable)
Stlth   ..........              (no amulet)
HPRegen 0.12/turn               l - ring of willpower
MPRegen 0.12/turn               (no ring)

@: lethally poisoned (0 -> -3), flying quickly and evasively, quick
A: beak, talons 3, nimble flight
a: no special abilities


You were on level 5 of the Dungeon.
You visited 1 branch of the dungeon, and saw 6 of its levels.

You collected 252 gold pieces.


Innate Abilities, Weirdness & Mutations

You have a beak for a mouth.
You have claws for feet.
Your magical nature lets you fly swiftly and evasively.


   Skills:
 + Level 2.4 Fighting
 - Level 7.0 Axes
 - Level 1.0 Throwing
 - Level 1.1 Armour
 - Level 2.1 Dodging
 - Level 2.0 Spellcasting
 - Level 2.4 Translocations


You had 9 spell levels left.
You didn't know any spells.
Your spell library contained the following spells:

 Spells                   Type           Power      Damage    Failure   Level
 Blink                    Tloc           14%        N/A       54%         2
 Gell's Gravitas          Tloc           7%         N/A       77%         3
 Lesser Beckoning         Tloc           7%         N/A       77%         3
 Teleport Other           Tloc           7%         N/A       77%         3
 Manifold Assault         Tloc           7%         N/A       100%        5

Inventory:

Hand Weapons
 e - a +0 flail
 n - a +0 war axe (weapon)
Missiles
 f - 3 boomerangs (quivered)
Armour
 c - a +1 pair of gloves (worn)
 h - a +0 scale mail (worn)
Jewellery
 l - a ring of willpower (left hand)
Scrolls
 b - a scroll of identify
Potions
 a - a potion of curing {unknown}
 d - a potion of degeneration {unknown}
 g - a potion of might
 i - a potion of attraction {unknown}
 j - a potion of berserk rage {unknown}
 k - a potion of flight {unknown}
 m - a potion of invisibility {unknown}

Dungeon Overview and Level Annotations

Branches:
Dungeon (6/15)
 Temple: D:4-7

Altars:


Message History

The hound is lightly wounded.
The hound misses you.
You hit the hound. You claw the hound, but do no damage.
The hound is moderately wounded.
The hound bites you but does no damage. The hound closely misses you.
An adder comes into view.
You barely miss the hound. Your kick misses the hound.
Your peck misses the hound.
The hound is moderately wounded.
You hit the iguana. The hound bites you but does no damage.
The iguana bites you! The hound bites you but does no damage.
You hit the hound. Your kick misses the hound. You peck the hound.
The hound is severely wounded.
You barely miss the iguana. You completely miss the adder.
The adder bites you but does no damage. The hound closely misses you.
The iguana bites you but does no damage.
The adder closely misses you.
The hound stops to sniff the ground.
The hound bites you but does no damage. The iguana misses you.
You miss the hound. You claw the hound.
The hound is almost dead.
You hit the adder. You hit the iguana. You hit the adder.
The hound barely misses you. The adder bites you.
You are poisoned.
The adder poisons you! The adder barely misses you. The iguana bites you!
You closely miss the hound. Your peck misses the hound.
The hound is almost dead.
You barely miss the adder. You barely miss the iguana. You miss the adder.
You feel sick. The hound closely misses you. The adder closely misses you.
The adder bites you but does no damage.
The hound stops to sniff the ground.
The hound bites you but does no damage. The iguana bites you!
The adder barely misses you. The adder bites you but does no damage.
You hit the hound.
You kill the hound!
You closely miss the iguana. You slash the adder!
You kill the adder!
You hit the adder.
You die...

..... ......
#..#.#.#. .#
..........# #
.........
##.#....#.#
......../
#....# #l@.#
.......)S......
....####.###.##
### .. .## .#
.. ##


You could see an iguana and an adder.

Vanquished Creatures
  A necrophage (D:4)
  4 hounds
  An orc priest (D:3)
  Jessica (D:2)
  5 adders
  A worm (D:3)
  2 dart slugs
  3 orcs
  6 endoplasms
  9 giant cockroaches
  8 hobgoblins
  4 quokkas
  A ball python (D:2)
  6 bats
  3 frilled lizards
  4 goblins
  2 kobolds
  5 rats
66 creatures vanquished.

Notes
Turn   | Place    | Note
-------+----------+-------------------------------------------
     0 | D:1      | qw the Tengu Warper began the quest for the Orb.
     0 | D:1      | Reached XP level 1. HP: 12/12 MP: 4/4
     0 | D:1      | 0 ||| qw: Version: 0.1-a-89-g26bdef1
     0 | D:1      | 0 ||| qw: Game counter: 3500
     0 | D:1      | 0 ||| qw: Always use a shield: true
     0 | D:1      | 0 ||| qw: God list: Okawaru
     0 | D:1      | 0 ||| qw: Allow faded altars: false
     0 | D:1      | 0 ||| qw: Do Orc after D:15 true
     0 | D:1      | 0 ||| qw: Do second Lair branch before Depths: true
     0 | D:1      | 0 ||| qw: Lair rune preference: random
     0 | D:1      | 0 ||| qw: Plans: Normal
     0 | D:1      | 0 ||| PLANNING D:1-11
   109 | D:1      | 109 ||| Stepping ~*~*~tactically~*~*~ (stealth).
   113 | D:1      | 113 ||| Stepping ~*~*~tactically~*~*~ (stealth).
   120 | D:1      | Reached skill level 3 in Axes
   120 | D:1      | Reached XP level 2. HP: 12/17 MP: 6/6
   556 | D:1      | Found a faded altar of an unknown god.
   895 | D:1      | 895 ||| UPGRADING to +0 ring mail.
   905 | D:1      | 905 ||| DROPPING +0 leather armour.
   906 | D:1      | 906 ||| UPGRADING to +0 scale mail.
   916 | D:1      | 916 ||| DROPPING +0 ring mail.
   917 | D:1      | 917 ||| READING scroll labelled ZUGAG ZAS.
   918 | D:1      | 918 ||| READING scroll labelled ACLOSEITHE.
   919 | D:1      | 919 ||| DROPPING scroll of blinking.
   984 | D:2      | Reached XP level 3. HP: 21/21 MP: 7/7
   986 | D:2      | Reached skill level 4 in Axes
  1159 | D:2      | 1159 ||| FLEEEEING.
  1160 | D:2      | 1160 ||| FLEEEEING.
  1161 | D:2      | 1161 ||| FLEEEEING.
  1163 | D:2      | 1163 ||| FLEEEEING.
  1165 | D:2      | 1165 ||| FLEEEEING.
  1166 | D:2      | 1166 ||| STAIRDANCE
  1237 | D:2      | 1237 ||| Stepping ~*~*~tactically~*~*~ (hiding).
  1613 | D:2      | Reached XP level 4. HP: 26/26 MP: 8/8
  1618 | D:2      | Noticed Jessica
  1627 | D:2      | HP: 6/26 [Jessica/+0 club (2)]
  1629 | D:2      | Killed Jessica
  1630 | D:2      | Reached skill level 5 in Axes
  2069 | D:2      | 2069 ||| READING scroll labelled HATZIU OKAUZAL.
  2070 | D:2      | 2070 ||| READING scroll labelled KOAHIU QEUDD.
  2071 | D:2      | 2071 ||| Stepping randomly (stuck).
  2072 | D:2      | 2072 ||| Stepping ~*~*~tactically~*~*~ (cloud).
  2076 | D:2      | HP: 6/26 [poisoned by you (poison gas)]
  2081 | D:2      | HP: 2/26 [poisoned by you (poison gas)]
  2487 | D:3      | 2487 ||| FLEEEEING.
  2489 | D:3      | 2489 ||| FLEEEEING.
  2490 | D:3      | 2490 ||| FLEEEEING.
  2491 | D:3      | 2491 ||| FLEEEEING.
  2492 | D:3      | 2492 ||| FLEEEEING.
  2689 | D:3      | 2689 ||| Stepping ~*~*~tactically~*~*~ (stealth).
  2691 | D:3      | 2691 ||| Stepping ~*~*~tactically~*~*~ (stealth).
  2759 | D:3      | 2759 ||| Stepping ~*~*~tactically~*~*~ (stealth).
  2784 | D:3      | 2784 ||| Stepping ~*~*~tactically~*~*~ (stealth).
  2785 | D:3      | 2785 ||| Stepping ~*~*~tactically~*~*~ (stealth).
  2787 | D:3      | 2787 ||| Stepping ~*~*~tactically~*~*~ (hiding).
  2802 | D:3      | Gained mutation: Your magical nature lets you fly swiftly
                  | and evasively. [Tengu growth]
  2802 | D:3      | Reached XP level 5. HP: 25/30 MP: 9/9
  2954 | D:3      | 2954 ||| UPGRADING to +0 pair of gloves.
  2964 | D:3      | 2964 ||| READING scroll of enchant armour.
  2964 | D:3      | 2964 ||| ENCHANTING +0 pair of gloves.
  3318 | D:3      | 3318 ||| UPGRADING to ring of willpower.
  3319 | D:3      | 3319 ||| READING scroll labelled FEBREEF FANADI.
  3320 | D:3      | 3320 ||| READING scroll labelled BALADA SIME.
  3321 | D:3      | 3321 ||| DRINKING 2 fuming silvery potions.
  3376 | D:4      | Reached skill level 6 in Axes
  3396 | D:4      | Reached XP level 6. HP: 35/35 MP: 10/10
  3440 | D:4      | 3440 ||| SWAPPING to +0 war axe.
  3441 | D:4      | 3441 ||| DROPPING +0 hand axe.
  3452 | D:4      | Reached skill level 7 in Axes
  3566 | D:4      | You are sucked into a shaft and drop 2 floors!
  3577 | D:5      | Entered Level 5 of the Dungeon
  3586 | D:5      | HP: 1/36 [iguana (11)]
  3587 | D:5      | Succumbed to an adder's poison

Levels and vault maps discovered:
D:1:      sevenhm_arrival_forest_fort_small_3, layout_loops_cross,
          hellmonk_ecumenical_altar_heavens_door, serial_bayou_pond_a
D:2:      layout_loops_ring, minmay_split_cup_small, uniq_jessica
D:3:      layout_loops_ring, hangedman_glass_teeth
D:4:      layout_loops_corners, minmay_temple_entry_statues_pillars,
          uniq_grinder
D:5:      layout_basic, gammafunk_temple_overflow_elements,
          hangedman_minor_gate_pass
D:6:      layout_cave_pools, tgw_trog, kennysheep_mini, nicolae_stop_n_shop_1

Skill      XL: |  1  2  3  4  5  6 |
---------------+-------------------+-----
Axes           | 3 4 5 6 7 |  7.0
Fighting       | |  2.4
Throwing       | |  1.0
Armour         | |  1.1
Dodging        | |  2.1
Spellcasting   | |  2.0
Translocations | |  2.4

Action                   |  1- 3 |  4- 6 || total
-------------------------+-------+-------++-------
Melee: Hand axe          |    55 |    71 ||   126
       Kick              |    15 |    18 ||    33
       Peck              |     9 |    15 ||    24
       War axe           |       |    25 ||    25
Throw: Boomerang         |    35 |    38 ||    73
  Use: Scroll            |     2 |     5 ||     7
       Potion            |       |     1 ||     1
Armor: Leather armour    |     1 |       ||     1
       Scale mail        |    12 |    47 ||    59
Dodge: Dodged            |    38 |    55 ||    93

Table legend:
 A = Non-vault XP
 B = Vault XP
 C = Vault XP percentage of total XP
 D = Non-vault monster count
 E = Vault monster count
 F = Vault count percentage of total count
                 A         B        C        D         E       F
            +---------+---------+-------+---------+---------+-------
      Total |     463 |      39 |   7.8 |      63 |       3 |   4.5
            +---------+---------+-------+---------+---------+-------
        D:1 |      25 |       0 |   0.0 |      14 |       0 |   0.0
        D:2 |      59 |      39 |  39.8 |      19 |       3 |  13.6
        D:3 |      93 |       0 |   0.0 |      20 |       0 |   0.0
        D:4 |     228 |       0 |   0.0 |       7 |       0 |   0.0
        D:5 |      58 |       0 |   0.0 |       3 |       0 |   0.0
            +---------+---------+-------+---------+---------+-------
